 Dungeon Crawl Stone Soup version 0.25-a0-378-gd2ca0b7745 (console) character file.

Game seed: 16162023397081828035, levelgen mode: deterministic

274 Kagalorn the Covert (level 6, 0/51 HPs)
             Began as a Naga Arcane Marksman on Jan 7, 2020.
             Slain by a hobgoblin
             ... wielding a +0 club
             ... led by Robin
              (8 damage)
             ... on level 3 of the Dungeon.
             The game lasted 00:12:30 (4315 turns).

Kagalorn the Covert (Naga Arcane Marksman)          Turns: 4315, Time: 00:12:31

Health: 0/51       AC:  3    Str: 15    XL:     6   Next: 24%
Magic:  7/7        EV: 10    Int: 13    God:
Gold:   213        SH:  0    Dex: 11    Spells: 6/7 levels left

rFire    . . .     SeeInvis +   b - +0 short sword
rCold    . . .     Gourm    .   (no shield)
rNeg     . . .     Faith    .   e - +0 robe
rPois    +         Spirit   .   (no helmet)
rElec    .         Reflect  .   m - scarf {repulsion}
rCorr    .         Harm     .   (no gloves)
MR       .....                  (no barding)
Stlth    ++++......             (no amulet)
HPRegen  0.17/turn              (no ring)
MPRegen  0.10/turn              (no ring)

@: about to teleport, repel missiles, very slow
A: large, see invisible, deformed body, poison resistance, slowness 2, slow
metabolism 1, spit poison 1, AC +2
a: Spit Poison


You were on level 3 of the Dungeon.
You were hungry.

You visited 1 branch of the dungeon, and saw 3 of its levels.
You also visited: Sewer.

You collected 213 gold pieces.

Inventory:

Hand Weapons
 a - a +0 hand crossbow
 b - a +0 short sword (weapon)
Missiles
 d - 18 bolts
 g - 5 datura-tipped darts (quivered)
Armour
 e - a +0 robe (worn)
 m - a scarf of repulsion (worn)
Scrolls
 i - 3 scrolls of teleportation
 j - 4 scrolls of identify
 l - 2 scrolls of enchant armour {unknown}
 n - 3 scrolls of magic mapping {unknown}
 o - 2 scrolls of remove curse {unknown}
 p - 2 scrolls of blinking {unknown}
 t - a scroll of fear {unknown}
Potions
 c - a potion of invisibility {unknown}
 h - 6 potions of curing {unknown}
 k - a potion of lignification {unknown}
 q - 3 potions of brilliance {unknown}
 r - a potion of heal wounds {unknown}
 s - a potion of magic {unknown}
 u - a potion of mutation {unknown}
Comestibles
 f - 10 rations
 v - 3 chunks of flesh


   Skills:
 - Level 1.0 Fighting
 - Level 1.7 Crossbows
 - Level 1.5 Dodging
 * Level 9.4 Stealth
 - Level 1.0 Spellcasting
 - Level 3.0 Hexes


You had 6 spell levels left.
You knew the following spells:

 Your Spells              Type           Power        Failure   Level  Hunger
a - Corona                Hex            #......      9%          1    ##.....

Your spell library contained the following spells:

 Spells                   Type           Power        Failure   Level  Hunger
 Slow                     Hex            #.......     12%         2    ###....
 Inner Flame              Hex/Fire       #.......     41%         3    ####...
 Portal Projectile        Hex/Tloc       #.....       41%         3    ####...
 Cause Fear               Hex            #.........   63%         4    #####..
 Leda's Liquefaction      Hex/Erth       #.........   83%         4    #####..


Dungeon Overview and Level Annotations

Branches:
Dungeon (3/15)              Sewer (visited)

Altars:
Vehumet
Xom

Annotations:
D:3 Robin


Innate Abilities, Weirdness & Mutations

You cannot wear boots.
Your serpentine skin is tough. (AC +2)
You have supernaturally acute eyesight. (SInv)
Armour fits poorly on your strangely shaped body.
Your system is resistant to poisons. (rPois)
You cover ground very slowly.
You have a slow metabolism.
You can spit poison.


Message History

The hobgoblin hits you with a +0 club! The goblin closely misses you.
The goblin hits you but does no damage.
Robin roars a battlecry!
The goblins go into a battle-frenzy!
Robin throws the goblin at you! The hobgoblin hits you with a +0 club.
The goblin closely misses you. The goblin hits you.
Things that are here:
a +0 hunting sling; 20 stones
As you read the scroll of teleportation, it crumbles to dust.
You feel strangely unstable.
A hobgoblin comes into view. It is wielding a +0 club.
The hobgoblin completely misses you. Robin throws the goblin at you!
The goblin barely misses you. The goblin hits you with a +0 club.
* * * LOW HITPOINT WARNING * * *
The goblin hits you.
* * * LOW HITPOINT WARNING * * *
The goblin hits you.
* * * LOW HITPOINT WARNING * * *
Robin hits you but does no damage. The hobgoblin hits you with a +0 club!
You die...

..g.g..'...#
.gg....#..(#
#########.g.#
.....†......#
..........g.#
##.....##'##
#.....#.)g# ≈..#
..#.....#.gg# ≈..#
..#.))..#gg@#
≈..##'##)....##'##
≈......#.(...#...
≈≈.....#..(..#...#
≈≈≈≈≈≈≈#..)..#≈≈≈#
#≈≈≈≈≈≈##'('##≈≈≈#
.((..≈≈≈≈†(†≈≈≈≈##
####(##≈≈...≈≈###
#(#.#....###


You could see Robin, 2 hobgoblins and 4 goblins.

Vanquished Creatures
  An orc priest (D:3)
  2 orc wizards (D:3)
  A howler monkey zombie (D:3)
  2 gnolls (D:3)
  5 adders
  An ooze (D:2)
  2 worms
  4 dart slugs
  2 leopard geckos (D:2)
  2 orcs (D:3)
  7 ball pythons
  5 giant cockroaches
  2 hobgoblins
  14 jackals
  7 bats
  5 frilled lizards
  16 goblins
  5 kobolds
  13 rats
96 creatures vanquished.

Vanquished Creatures (collateral kills)
  A gnoll (D:3)
  An orc (D:3)
  A ball python (D:3)
  A jackal (D:1)
  A kobold (D:3)
  A rat (D:3)
6 creatures vanquished.

Vanquished Creatures (others)
  A gnoll (D:3)
  A jackal (D:1)
2 creatures vanquished.

Grand Total: 104 creatures vanquished

Notes
Turn   | Place    | Note
-------+----------+-------------------------------------------
     0 | D:1      | Kagalorn the Naga Arcane Marksman began the quest for the
                  | Orb.
     0 | D:1      | Reached XP level 1. HP: 18/18 MP: 2/2
   107 | D:1      | Reached skill level 1 in Stealth
   399 | D:1      | Reached skill level 2 in Stealth
   399 | D:1      | Reached XP level 2. HP: 19/25 MP: 3/3
   422 | D:1      | Reached skill level 3 in Stealth
   942 | D:2      | Reached skill level 4 in Stealth
   963 | D:2      | Reached XP level 3. HP: 22/31 MP: 4/4
   977 | D:2      | Found a radiant altar of Vehumet.
  1263 | D:2      | Reached skill level 5 in Stealth
  1485 | D:2      | Reached XP level 4. HP: 21/38 MP: 5/5
  1861 | D:3      | Reached skill level 6 in Stealth
  1881 | D:3      | Found a glowing drain.
  1890 | Sewer    | Entered a sewer
  2936 | D:3      | Reached skill level 7 in Stealth
  2991 | D:3      | Reached XP level 5. HP: 21/44 MP: 6/6
  3172 | D:3      | Reached skill level 8 in Stealth
  3574 | D:3      | Found a shimmering altar of Xom.
  3819 | D:3      | Reached XP level 6. HP: 51/51 MP: 7/7
  3825 | D:3      | Reached skill level 9 in Stealth
  4303 | D:3      | Noticed Robin
  4315 | D:3      | Slain by a hobgoblin

Levels and vault maps discovered:
D:1:      minmay_arrival_widening_spiral_wide, layout_loops_cross
D:2:      cheibrodos_old_hovel, layout_basic, first_ration,
          lemuel_altar_in_water
D:3:      kennysheep_goblin_castle, layout_basic, cheibrodos_sewer_entry_drain,
          minmay_stone_trees_small, xom_teletrap_fun

Skill      XL: |  1  2  3  4  5  6 |
---------------+-------------------+-----
Stealth        | 2 4 5 7 8 9 |  9.4
Fighting       | |  1.0
Crossbows      | |  1.7
Dodging        | |  1.5
Spellcasting   | |  1.0
Hexes          | |  3.0

Action                   |  1- 3 |  4- 6 || total
-------------------------+-------+-------++-------
Melee: Unarmed           |     6 |       ||     6
       Short sword       |    60 |   128 ||   188
 Fire: Hand crossbow     |       |    18 ||    18
Throw: Dart              |     1 |     4 ||     5
 Abil: Spit Poison       |    40 |    51 ||    91
  Use: Scroll            |       |     3 ||     3
 Stab: Sleeping          |       |     2 ||     2
       Distracted        |       |     1 ||     1
  Eat: Chunk             |     2 |    11 ||    13
Armor: Robe              |    25 |    40 ||    65
Dodge: Dodged            |    78 |   111 ||   189
       Deflected         |       |     1 ||     1

Table legend:
 A = Non-vault XP
 B = Vault XP
 C = Vault XP percentage of total XP
 D = Non-vault monster count
 E = Vault monster count
 F = Vault count percentage of total count
                 A         B        C        D         E       F
            +---------+---------+-------+---------+---------+-------
      Total |     321 |      71 |  18.1 |      71 |      32 |  31.1
            +---------+---------+-------+---------+---------+-------
        D:1 |      29 |       0 |   0.0 |      16 |       0 |   0.0
        D:2 |      58 |       1 |   1.7 |      19 |       1 |   5.0
        D:3 |     234 |      27 |  10.3 |      36 |      15 |  29.4
      Sewer |       0 |      43 | 100.0 |       0 |      16 | 100.0
            +---------+---------+-------+---------+---------+-------
